 Dungeon Crawl Stone Soup version 0.30-a0-1043-g60ff8d5f49 (webtiles) character file.

Game seed: 6447700174630562707

448 Elsrick the Chopper (level 7, -7/60 HPs)
             Began as a Hill Orc Fighter on Apr 4, 2023.
             Was an Initiate of Beogh.
             Hit by a javelin thrown by a minotaur (25 damage)
             ... created by the fury of Okawaru
             ... on level 5 of the Dungeon on Apr 11, 2023.
             The game lasted 00:16:33 (4552 turns).

Elsrick the Chopper (Hill Orc Fighter)              Turns: 4552, Time: 00:16:33

Health: -7/60      AC: 10    Str: 24    XL:     7   Next: 3%
Magic:  7/7        EV:  9    Int:  8    God:    Beogh [......]
Gold:   189        SH:  4    Dex: 10    Spells: 6/6 levels left

rFire   . . .      SeeInvis .    B - +2 spear (freeze)
rCold   . . .      Faith    .    c - +0 buckler
rNeg    . . .      Spirit   .    b - +0 scale mail
rPois   .          Reflect  .    A - +0 helmet
rElec   .          Rampage  .    (no cloak)
rCorr   .                        n - +1 pair of gloves {Str+3}
Will    .....                    (no boots) Stlth
                                 (no amulet)
HPRegen 0.30/turn                (no ring)
MPRegen 0.10/turn                (no ring)

@: no status effects
A: no striking features
a: Renounce Religion


You were on level 5 of the Dungeon.
You worshipped Beogh.
Beogh was noncommittal.
You visited 2 branches of the dungeon, and saw 6 of its levels.

You collected 189 gold pieces.

Inventory:

Hand Weapons
 a - a +0 war axe
 B - a +2 spear of freezing (weapon)
Armour
 b - a +0 scale mail (worn)
 c - a +0 buckler (worn)
 n - a +1 pair of gloves of strength (worn)
 A - a +0 helmet (worn)
Magical Staves
 l - a staff of fire
Wands
 s - a wand of light (6)
 x - a wand of iceblast (17)
Scrolls
 e - 2 scrolls of teleportation
 f - 3 scrolls of identify {unknown}
 j - a scroll of noise {unknown}
 k - a scroll of fear {unknown}
 m - a scroll of fog {unknown}
 t - 2 scrolls of blinking {unknown}
 u - a scroll of immolation {unknown}
 w - a scroll of butterflies {unknown}
 y - a scroll of acquirement {unknown}
 C - a scroll of torment {unknown}
Potions
 d - a potion of might
 g - 4 potions of attraction {unknown}
 h - 4 potions of heal wounds {unknown}
 i - a potion of curing {unknown}
 o - 3 potions of flight {unknown}
 p - 2 potions of berserk rage {unknown}
 q - a potion of brilliance
 r - a potion of haste {unknown}
 v - a potion of resistance {unknown}
 z - 2 potions of lignification {unknown}


   Skills:
 + Level 4.8 Fighting
 + Level 6.4 Axes
 + Level 4.9 Armour
 + Level 0.9 Dodging
 + Level 0.2 Stealth
 + Level 4.5 Shields


You had 6 spell levels left.
You didn't know any spells.
Your spell library contained the following spells:

 Spells                   Type           Power      Damage    Failure   Level
 Beastly Appendage        Tmut           0%         N/A       78%         1
 Wereblood                Tmut           0%         N/A       89%         2
 Spider Form              Tmut/Pois      0%         N/A       98%         3
 Cause Fear               Hex            0%         N/A       100%        4
 Dragon Form              Tmut           0%         N/A       100%        7
 Dragon's Call            Summ           0%         N/A       100%        9


Dungeon Overview and Level Annotations

Branches:
Dungeon (5/15)             Temple (1/1) D:4

Altars:
Ashenzari
Cheibriados
Dithmenos
Elyvilon
Gozag
Hepliaklqana
Makhleb
Okawaru
Qazlal
Ru
Vehumet
Yredelemnul
Zin
The Shining One

Shops:
D:3 :


Message History

The gnoll is heavily wounded.
The gnoll hits you but does no damage.
The gnoll barely misses the orc priest.
The orc priest invokes the aid of Beogh against the gnoll.
The gnoll writhes in agony!
The gnoll dies!
You reach to attack!
You hit the gnoll. You freeze the gnoll.
You kill the gnoll!
Beogh accepts your kill.
No target in view!
No target in view!
You swap places.
No target in view!
No target in view!
Things that are here:
a +0 halberd; a gnoll corpse
Found a stone staircase leading down.
C - a scroll labelled WUHU ZIXZY Okawaru sends forces against you!
A minotaur, an orc knight, an orc and an orc warrior come into view.
The orc warrior shouts!
The orc knight moves out of view.
The orc moves out of view.
The orc shouts!
The orc knight roars a battlecry!
The orcs go into a battle-frenzy!
An orc wizard comes into view. It is wielding a +0 dagger.
You hit the minotaur but do no damage.
The orc warrior attacks as you move away!
You block the orc warrior's attack.
The minotaur throws a javelin.
The javelin pierces through you!
The minotaur throws a javelin.
The javelin pierces through you!!
The minotaur throws a javelin.
The javelin closely misses you.
The minotaur throws a javelin.
The javelin pierces through you!
* * * LOW HITPOINT WARNING * * *
The orc wizard mumbles some strange words.
The orc wizard flickers and vanishes!
Deactivating autopickup; reactivate with Ctrl-A.
You are too injured to fight recklessly!
You are too injured to fight recklessly!
The minotaur throws a javelin.
The javelin pierces through you!!
You die...

#.)..# #.##.#.# #........
###..# #.##.#.###.#......
###..### ###.##.#.)...#####.#
####......####...........##
.# ........)................#
.#
###..####.)..###......#......
.. #...##
##.#).##.##.#####.#.. #.###
##.##.##.##.# .# ... ...#
####..##.##@##.# .# .. ...#
#....###.##.##.# .# .
ooo###.#### #.##.##.#
.....o..### #.##.##.#
...##.....# #..#.# .#
##o...###.####...# #.####
#...###.H# ....
###.####o##.## ##.#
#.o...oo...#


You could see a minotaur and an orc (strong).

Vanquished Creatures
  A scorpion (D:5)
  A hound (D:4)
  2 iguanas
  Natasha (thrice) (D:3)
  An orc wizard (D:5)
  5 adders
  5 gnolls
  A dart slug (D:1)
  17 orcs
  4 bats
  9 endoplasms
  A giant cockroach (D:2)
  5 hobgoblins
  3 jackals (D:4)
  3 quokkas
  7 ball pythons
  4 frilled lizards
  10 goblins
  7 kobolds
  6 rats
95 creatures vanquished.

Vanquished Creatures (others)
  A gnoll (D:5)
  2 orcs (D:4)
3 creatures vanquished.

Grand Total: 98 creatures vanquished

Notes
Turn   | Place    | Note
-------+----------+-------------------------------------------
     0 | D:1      | Elsrick the Hill Orc Fighter began the quest for the Orb.
     0 | D:1      | Reached XP level 1. HP: 19/19 MP: 1/1
   802 | D:1      | Upgraded the game from 0.30-a0-996-ga6910c8ee8 to
                  | 0.30-a0-1043-g60ff8d5f49
   833 | D:1      | Reached XP level 2. HP: 27/27 MP: 2/2
   909 | D:1      | Reached skill level 3 in Axes
  1272 | D:1      | Reached XP level 3. HP: 32/33 MP: 3/3
  1667 | D:2      | Reached XP level 4. HP: 40/40 MP: 4/4
  1751 | D:2      | You fall into a shaft and drop 1 floor!
  1752 | D:3      | Noticed Natasha
  1758 | D:3      | Killed Natasha
  1759 | D:3      | Reached skill level 4 in Axes
  1861 | D:2      | Found a faded altar of an unknown god.
  1955 | D:2      | Reached XP level 5. HP: 46/46 MP: 5/5
  2154 | D:3      | Reached skill level 5 in Axes
  2376 | D:3      | Noticed Natasha
  2387 | D:3      | Killed Natasha
  2678 | D:3      | Noticed Natasha
  2706 | D:3      | Killed Natasha
  2799 | D:3      | Found a sacrificial altar of Ru.
  2884 | D:3      | Found Doinil Dedu's Book Boutique.
  2990 | D:4      | Reached XP level 6. HP: 53/53 MP: 6/6
  3161 | D:4      | Reached skill level 6 in Axes
  3199 | D:4      | Found an iron altar of Okawaru.
  3215 | D:4      | Became a worshipper of Warmaster Okawaru
  3495 | D:4      | Found a staircase to the Ecumenical Temple.
  3504 | Temple   | Entered the Ecumenical Temple
  4008 | D:5      | Entered Level 5 of the Dungeon
  4425 | D:5      | Reached XP level 7. HP: 60/60 MP: 7/7
  4429 | D:5      | Fell from the grace of Okawaru
  4429 | D:5      | Became a worshipper of Beogh the Brigand
  4543 | D:5      | Noticed a minotaur
  4543 | D:5      | Noticed an orc knight
  4552 | D:5      | Hit by a javelin thrown by a minotaur

Illustrated notes

Levels and vault maps discovered:
D:1:      psy_arrival_spokes, layout_basic, minmay_pentomino_r2
D:2:      layout_loops_ring, shapermc_ecumenical_altar_notcrosses
D:3:      layout_loops_cross, lemuel_doored_altar, serial_shops,
          nicolae_shop_waterfront, amcnicky_mini_pool_small, uniq_natasha
D:4:      layout_loops_cross, okawaru_metal_pillars_1_2,
          lemuel_temple_firewalk_a, minmay_door_square
D:5:      layout_rooms
Temple:   nicolae_temple_godzebo

Skill      XL: |  1  2  3  4  5  6 |
---------------+-------------------+-----
Axes           | 3 4 5 6 |  6.4
Fighting       | 4 |  4.8
Shields        | 4 |  4.5
Armour         | 4 |  4.9
Dodging        | |  0.9
Stealth        | |  0.2

Action                     |  1- 3 |  4- 6 |  7- 9 || total
---------------------------+-------+-------+-------++-------
  Melee: War axe           |    83 |   185 |       ||   268
         Spear             |       |     7 |    10 ||    17
 Invoke: Convert to Beogh  |       |       |     1 ||     1
    Use: Scroll            |       |     1 |       ||     1
         Potion            |       |     1 |       ||     1
 Armour: Scale mail        |    36 |    98 |     3 ||   137
  Dodge: Dodged            |    37 |    91 |     4 ||   132
  Block: Buckler           |    22 |    47 |     2 ||    71

Table legend: (Time is in decaauts)
 A = Elapsed time spent in this place.
 B = Non-inter-level travel time spent in this place.
 C = Inter-level travel time spent in this place.
 D = Time resting spent in this place.
 E = Time spent auto-exploring this place.
 F = Levels seen in this place.
 G = Mean time per level.
                   A        B        C        D        E       F      G
               +--------+--------+--------+--------+--------+-----+--------+
         Total |   4659 |   4462 |    197 |    969 |   2297 |   6 |  776.5 |
       Dungeon |   4539 |   4342 |    197 |    969 |   2216 |   5 |  907.8 |
        Temple |    120 |    120 |      0 |      0 |     81 |   1 |  120.0 |
               +--------+--------+--------+--------+--------+-----+--------+

Top non-repeatable levels by time:
     D:1: 1384 daAuts
     D:4: 1145 daAuts
     D:3: 900 daAuts
     D:2: 777 daAuts
     D:5: 331 daAuts
  Temple: 120 daAuts
